APL (24 & UNDER)
STATE COLLEGE SPIKES @ SCOTTSDALE SCORPIONS
09/05/2028
 
TOP OF THE 1ST
State College Spikes batting - Pitching for Scottsdale Scorpions : RHP Robinson Ramírez
Pitching: RHP Robinson Ramírez
Batting: RHB Pedro Echevarría 0-0: Ball
1-0: Ball
2-0: Called Strike
2-1: Foul Ball, location: 2F
2-2: Ground out 6-3 (Groundball, 6)
Batting: RHB Victor Gilbert 0-0: Foul Ball, location: 2F
0-1: Ball
1-1: Foul Ball, location: 2F
1-2: Strikes out swinging, 2-3 out at first.
Batting: RHB Joe Salas 0-0: Ball
1-0: Reached on error, E6 (Groundball, 6)
Batting: RHB Emory Brooks 0-0: Called Strike
0-1: SINGLE (Line Drive, 8LS)
Joe Salas to second
Batting: RHB Vaughan Shelton 0-0: Called Strike
0-1: Foul Ball, location: 2F
0-2: Strikes out swinging
Top of the 1st over - 0 run(s), 1 hit(s), 1 error(s), 2 left on base; State College 0 - Scottsdale 0
BOTTOM OF THE 1ST
Scottsdale Scorpions batting - Pitching for State College Spikes : RHP Chris Day
Pitching: RHP Chris Day
Batting: RHB Manny Moreno 0-0: Fly out, F7 (Flyball, 7LS)
Batting: RHB Steve Boyer 0-0: Ball
1-0: Called Strike
1-1: Ground out U3 (Groundball, 3)
Batting: SHB Luis López 0-0: Called Strike
0-1: Foul Ball, location: 2F
0-2: Strikes out swinging
Bottom of the 1st over - 0 run(s), 0 hit(s), 0 error(s), 0 left on base; State College 0 - Scottsdale 0
TOP OF THE 2ND
State College Spikes batting - Pitching for Scottsdale Scorpions : RHP Robinson Ramírez
Batting: LHB Edward Bennett 0-0: Foul Ball, location: 2F
0-1: Foul Ball, location: 2F
0-2: Ball
1-2: Ball
2-2: Ball
3-2: Ground out 1-3 (Groundball, 13)
Batting: RHB Cory Hester 0-0: Reached on error, E4 (Groundball, 4)
Batting: RHB Andrew Pinto 0-0: Ball
1-0: Ground out 6-3 (Groundball, 6)
Cory Hester to third
Batting: RHB Mike Hurt 0-0: Swinging Strike
0-1: Called Strike
0-2: Ball
1-2: Strikes out swinging
Top of the 2nd over - 0 run(s), 0 hit(s), 1 error(s), 1 left on base; State College 0 - Scottsdale 0
BOTTOM OF THE 2ND
Scottsdale Scorpions batting - Pitching for State College Spikes : RHP Chris Day
Batting: RHB Edgardo Gonzáles 0-0: Called Strike
0-1: Ground out 5-3 (Groundball, 5)
Batting: SHB Arnold Moore 0-0: Ball
1-0: Called Strike
1-1: Ball
2-1: Ground out 4-3 (Groundball, 4)
Batting: LHB Shawn Brown 0-0: Called Strike
0-1: Foul Ball, location: 2F
0-2: Ball
1-2: Foul Ball, location: 2F
1-2: Strikes out swinging
Bottom of the 2nd over - 0 run(s), 0 hit(s), 0 error(s), 0 left on base; State College 0 - Scottsdale 0
TOP OF THE 3RD
State College Spikes batting - Pitching for Scottsdale Scorpions : RHP Robinson Ramírez
Batting: RHB Pedro Echevarría 0-0: Ball
1-0: Bunt for hit - play at first, batter OUT! 2-3
Batting: RHB Victor Gilbert 0-0: Foul Ball, location: 2F
0-1: Ball
1-1: Foul Ball, location: 2F
1-2: Foul Ball, location: 2F
1-2: Foul Ball, location: 2F
1-2: Ball
2-2: Ball
3-2: Fly out, F6 (Line Drive, 6)
Batting: RHB Joe Salas 0-0: Ball
1-0: SINGLE (Line Drive, 7S)
Batting: RHB Emory Brooks 0-0: Ball
1-0: Ball
2-0: Called Strike
2-1: Ball
3-1: Called Strike
3-2: Foul Ball, location: 2F
3-2: Foul Ball, location: 2F
3-2: Foul Ball, location: 2F
3-2: Fly out, F9 (Flyball, 89S)
Top of the 3rd over - 0 run(s), 1 hit(s), 0 error(s), 1 left on base; State College 0 - Scottsdale 0
BOTTOM OF THE 3RD
Scottsdale Scorpions batting - Pitching for State College Spikes : RHP Chris Day
Batting: RHB Pablo Pineda 0-0: Ball
1-0: Ball
2-0: Ball
3-0: Base on Balls
Batting: RHB Henry Cahill 0-0: Foul Ball, location: 2F
0-1: Ball
1-1: Ball
2-1: Fly out, F8 (Flyball, 8RXD)
Batting: RHB Carlos Rosales 0-0: Ball
1-0: Called Strike
1-1: SINGLE (Flyball, 8LS)
Pablo Pineda to second
Batting: RHB Manny Moreno 0-0: Grounds into double play, 5-4-3 (Groundball, 56)
Bottom of the 3rd over - 0 run(s), 1 hit(s), 0 error(s), 1 left on base; State College 0 - Scottsdale 0
TOP OF THE 4TH
State College Spikes batting - Pitching for Scottsdale Scorpions : RHP Robinson Ramírez
Batting: RHB Vaughan Shelton 0-0: Ball
1-0: Swinging Strike
1-1: Ball
2-1: Ball
3-1: Called Strike
3-2: Reached on error, E5 (Groundball, 5L)
Batting: LHB Edward Bennett 0-0: Ball
1-0: Called Strike
1-1: Ball
2-1: SINGLE (Flyball, 8LS)
Vaughan Shelton to third
Batting: RHB Cory Hester 0-0: Called Strike
0-1: Called Strike
0-2: Strikes out swinging
Batting: RHB Andrew Pinto 0-0: Called Strike
0-1: Called Strike
0-2: Fielders Choice at 2nd, 6-4 (Groundball, 6)
Vaughan Shelton scores
Batting: RHB Mike Hurt 0-0: SINGLE (Groundball, 56) (infield hit)
Andrew Pinto to second
Batting: RHB Pedro Echevarría 0-0: Ball
1-0: Foul Ball, location: 2F
1-1: Ball
2-1: SINGLE (Flyball, 8RS)
Andrew Pinto to third
Mike Hurt to second
Runner from 3rd tries for Home, SAFE, no throw
Batting: RHB Victor Gilbert 0-0: Fielders Choice at 2nd, 6-4 (Groundball, 56)
Top of the 4th over - 2 run(s), 3 hit(s), 1 error(s), 1 left on base; State College 2 - Scottsdale 0
BOTTOM OF THE 4TH
Scottsdale Scorpions batting - Pitching for State College Spikes : RHP Chris Day
Batting: RHB Steve Boyer 0-0: Called Strike
0-1: Foul Ball, location: 2F
0-2: Ball
1-2: Foul Ball, location: 2F
1-2: Foul Ball, location: 2F
1-2: Fly out, F8 (Flyball, 89M)
Batting: SHB Luis López 0-0: Foul Ball, location: 2F
0-1: Foul Ball, location: 2F
0-2: SINGLE (Groundball, 4MD)
Batting: RHB Edgardo Gonzáles 0-0: Ball
1-0: Foul Ball, location: 2F
1-1: Swinging Strike
1-2: Foul Ball, location: 2F
1-2: Ball
2-2: Ball
3-2: Base on Balls
Luis López to second
Batting: SHB Arnold Moore 0-0: Called Strike
0-1: Foul Ball, location: 2F
0-2: Ground out 3-1 (Groundball, 34S)
Luis López to third
Edgardo Gonzáles to second
Batting: LHB Shawn Brown 0-0: Ball
1-0: Ball
2-0: Called Strike
2-1: Foul Ball, location: 2F
2-2: Ball
3-2: Strikes out swinging
Bottom of the 4th over - 0 run(s), 1 hit(s), 0 error(s), 2 left on base; State College 2 - Scottsdale 0
TOP OF THE 5TH
State College Spikes batting - Pitching for Scottsdale Scorpions : RHP Robinson Ramírez
Batting: RHB Joe Salas 0-0: Foul Ball, location: 2F
0-1: Ball
1-1: SINGLE (Groundball, 56D)
Batting: RHB Emory Brooks 0-0: Ball
1-0: Ball
2-0: Ball
3-0: Called Strike
3-1: SINGLE (Flyball, 8LS)
Joe Salas to second
Runner from 2nd tries for 3rd, SAFE, no throw
Batting: RHB Vaughan Shelton 0-0: Fly out, F2 (Popup, 23)
Batting: LHB Edward Bennett 0-0: Ball
1-0: Foul Ball, location: 2F
1-1: Foul Ball, location: 2F
1-2: Ball
2-2: DOUBLE (Line Drive, 78M)
Joe Salas scores
Emory Brooks to third
Pitching: RHP José Alvarado
Batting: RHB Cory Hester 0-0: Foul Ball, location: 2F
0-1: Called Strike
0-2: Ball
1-2: Foul Ball, location: 2F
1-2: Strikes out swinging
Batting: RHB Andrew Pinto 0-0: Fly out, F4 (Popup, 4D)
Top of the 5th over - 1 run(s), 3 hit(s), 0 error(s), 2 left on base; State College 3 - Scottsdale 0
BOTTOM OF THE 5TH
Scottsdale Scorpions batting - Pitching for State College Spikes : RHP Chris Day
Batting: RHB Pablo Pineda 0-0: Foul Ball, location: 2F
0-1: Ball
1-1: Called Strike
1-2: Strikes out swinging
Batting: RHB Henry Cahill 0-0: Ball
1-0: Ball
2-0: Called Strike
2-1: Ball
3-1: SINGLE (Line Drive, 34)
Batting: RHB Carlos Rosales 0-0: Foul Ball, location: 2F
0-1: Ball
1-1: Foul Ball, location: 2F
1-2: Strikes out swinging
Batting: RHB Manny Moreno 0-0: Called Strike
0-1: Ball
1-1: Foul Ball, location: 2F
1-2: SINGLE (Line Drive, 8LS)
Henry Cahill to second
Batting: RHB Steve Boyer 0-0: Called Strike
0-1: Swinging Strike
0-2: Foul Ball, location: 2F
0-2: Ball
1-2: Fly out, F7 (Flyball, 78M)
Bottom of the 5th over - 0 run(s), 2 hit(s), 0 error(s), 2 left on base; State College 3 - Scottsdale 0
TOP OF THE 6TH
State College Spikes batting - Pitching for Scottsdale Scorpions : RHP José Alvarado
Batting: RHB Mike Hurt 0-0: Called Strike
0-1: Ground out 4-3 (Groundball, 4)
Batting: RHB Pedro Echevarría 0-0: Fly out, F8 (Flyball, 8RM)
Batting: RHB Victor Gilbert 0-0: Ball
1-0: Ball
2-0: Foul Ball, location: 2F
2-1: Ball
3-1: Base on Balls
Batting: RHB Joe Salas 0-0: Called Strike
Victor Gilbert steals 2nd base
0-1: 2-RUN HOME RUN (Flyball, 78XD), Distance : 377 ft
Batting: RHB Emory Brooks 0-0: Ball
1-0: Swinging Strike
1-1: Ball
2-1: Swinging Strike
2-2: Strikes out swinging
Top of the 6th over - 2 run(s), 1 hit(s), 0 error(s), 0 left on base; State College 5 - Scottsdale 0
BOTTOM OF THE 6TH
Scottsdale Scorpions batting - Pitching for State College Spikes : RHP Chris Day
Batting: SHB Luis López 0-0: Swinging Strike
0-1: Ball
1-1: Ball
2-1: Foul Ball, location: 2F
2-2: Strikes out looking
Batting: RHB Edgardo Gonzáles 0-0: Called Strike
0-1: Ball
1-1: Swinging Strike
1-2: Ball
2-2: Ball
3-2: Base on Balls
Pitching: RHP Drake Johnston
Batting: SHB Arnold Moore 0-0: Ball
1-0: Ball
2-0: Ball
3-0: Called Strike
3-1: Base on Balls
Edgardo Gonzáles to second
Batting: LHB Shawn Brown 0-0: Ball
1-0: Called Strike
1-1: Ball
2-1: Called Strike
2-2: Foul Ball, location: 2F
Error on foul ball, E5
2-2: SINGLE (Groundball, 34D)
Edgardo Gonzáles to third
Arnold Moore to second
Runner from 3rd tries for Home, SAFE, no throw
Batting: RHB Pablo Pineda 0-0: DOUBLE (Flyball, 78D)
Arnold Moore scores
Shawn Brown to third
Runner from 3rd tries for Home, SAFE, no throw
Batting: RHB Henry Cahill Balk!
Pablo Pineda to third
0-0: Foul Ball, location: 2F
0-1: Ball
1-1: Ball
2-1: Foul Ball, location: 2F
2-2: Ball
3-2: Foul Ball, location: 2F
3-2: Strikes out looking
Batting: RHB Carlos Rosales 0-0: Called Strike
0-1: Foul Ball, location: 2F
0-2: Ball
1-2: Ball
Wild Pitch!
Pablo Pineda scores
2-2: Foul Ball, location: 2F
2-2: Fly out, F8 (Flyball, 8LM)
Bottom of the 6th over - 4 run(s), 2 hit(s), 1 error(s), 0 left on base; State College 5 - Scottsdale 4
TOP OF THE 7TH
State College Spikes batting - Pitching for Scottsdale Scorpions : RHP José Alvarado
Batting: RHB Vaughan Shelton 0-0: Ball
1-0: Called Strike
1-1: SINGLE (Line Drive, 8RS)
Batting: LHB Edward Bennett 0-0: Ball
1-0: Foul Ball, location: 2F
1-1: Swinging Strike
1-2: 2-RUN HOME RUN (Line Drive, 9LD), Distance : 336 ft
Pitching: LHP Terry Stanley
Batting: RHB Cory Hester 0-0: Ball
1-0: Ball
2-0: Fly out, F3 (Popup, 3D)
Batting: RHB Andrew Pinto 0-0: Swinging Strike
0-1: Ground out U3 (Groundball, 3)
Batting: RHB Mike Hurt 0-0: Ball
1-0: Ball
2-0: Ball
3-0: Called Strike
3-1: Swinging Strike
3-2: Foul Ball, location: 2F
3-2: Foul Ball, location: 2F
3-2: Base on Balls
Batting: RHB Pedro Echevarría 0-0: Ball
1-0: Ball
2-0: Ball
3-0: Called Strike
3-1: Foul Ball, location: 2F
3-2: Foul Ball, location: 2F
3-2: Strikes out swinging
Top of the 7th over - 2 run(s), 2 hit(s), 0 error(s), 1 left on base; State College 7 - Scottsdale 4
BOTTOM OF THE 7TH
Scottsdale Scorpions batting - Pitching for State College Spikes : RHP Drake Johnston
Pitching: RHP James Waddell
Batting: RHB Manny Moreno 0-0: SINGLE (Groundball, 6D)
Batting: RHB Steve Boyer 0-0: Ball
1-0: Called Strike
1-1: Called Strike
1-2: Strikes out swinging
Batting: SHB Luis López 0-0: Ball
Manny Moreno steals 2nd base
1-0: Foul Ball, location: 2F
1-1: Foul Ball, location: 2F
1-2: Ball
2-2: Foul Ball, location: 2F
2-2: Ground out 1-3 (Groundball, P)
Manny Moreno to third
Batting: RHB Edgardo Gonzáles 0-0: Called Strike
0-1: Foul Ball, location: 2F
0-2: DOUBLE (Flyball, 8RD)
Manny Moreno scores
Batting: SHB Arnold Moore 0-0: Ball
1-0: Ball
2-0: Fly out, F7 (Flyball, 7)
Bottom of the 7th over - 1 run(s), 2 hit(s), 0 error(s), 1 left on base; State College 7 - Scottsdale 5
TOP OF THE 8TH
State College Spikes batting - Pitching for Scottsdale Scorpions : LHP Terry Stanley
Batting: RHB Victor Gilbert 0-0: Ball
1-0: Fly out, F8 (Flyball, 8LS)
Batting: RHB Joe Salas 0-0: Called Strike
0-1: Ball
1-1: Single, Error in OF, E7, batter to second base
Batting: RHB Emory Brooks 0-0: Intentional Walk
Pinch Hitting: RHB Ira Ross 0-0: Grounds into double play, 6-4-3 (Groundball, 6)
Top of the 8th over - 0 run(s), 1 hit(s), 1 error(s), 1 left on base; State College 7 - Scottsdale 5
BOTTOM OF THE 8TH
Scottsdale Scorpions batting - Pitching for State College Spikes : RHP James Waddell
Now at C: Roberto Chávez
Now at 2B: Norberto Márquez
Batting: LHB Shawn Brown 0-0: Ball
1-0: Ball
2-0: Ball
3-0: Called Strike
3-1: Called Strike
3-2: Base on Balls
Batting: RHB Pablo Pineda 0-0: Ball
1-0: Ball
2-0: Called Strike
2-1: Swinging Strike
2-2: Foul Ball, location: 2F
2-2: Strikes out looking
Batting: RHB Henry Cahill 0-0: Called Strike
0-1: Ball
1-1: Ball
2-1: Foul Ball, location: 2F
2-2: Foul Ball, location: 2F
2-2: Ball
3-2: Base on Balls
Shawn Brown to second
Pitching: RHP Bob Howe
Batting: RHB Carlos Rosales 0-0: Called Strike
0-1: Swinging Strike
0-2: Ball
1-2: Ball
2-2: Foul Ball, location: 2F
2-2: Strikes out swinging
Pinch Hitting: RHB Brian Stewart 0-0: Foul Ball, location: 2F
0-1: Ball
1-1: Swinging Strike
1-2: Foul Ball, location: 2F
1-2: Strikes out swinging
Bottom of the 8th over - 0 run(s), 0 hit(s), 0 error(s), 2 left on base; State College 7 - Scottsdale 5
TOP OF THE 9TH
State College Spikes batting - Pitching for Scottsdale Scorpions : LHP Terry Stanley
Now in LF: Brian Stewart
Batting: LHB Edward Bennett 0-0: Called Strike
0-1: Foul Ball, location: 2F
0-2: Ball
1-2: Ball
2-2: Foul Ball, location: 2F
2-2: Foul Ball, location: 2F
2-2: SINGLE (Line Drive, 56D)
Pitching: RHP Sterling Caldwell
Batting: RHB Cory Hester 0-0: Called Strike
0-1: Ball
1-1: Ball
Edward Bennett steals 2nd base
2-1: Intentional Walk
Pinch Hitting: RHB Luis Árias 0-0: Called Strike
0-1: Ball
1-1: Foul Ball, location: 2F
1-2: Strikes out looking
Pinch Hitting: RHB Diego Benítez 0-0: Fly out, F7 (Line Drive, 78M)
Batting: RHB Pedro Echevarría 0-0: SINGLE (Groundball, 3L) (infield hit)
Edward Bennett to third
Cory Hester to second
Pinch Hitting: SHB Nuno Fonseca 0-0: Fly out, F4 (Popup, 4)
Top of the 9th over - 0 run(s), 2 hit(s), 0 error(s), 3 left on base; State College 7 - Scottsdale 5
BOTTOM OF THE 9TH
Scottsdale Scorpions batting - Pitching for State College Spikes : RHP Bob Howe
Pitching: RHP Steve Harrison
Now at 3B: Diego Benítez
Now at SS: José Maldonado
Now in LF: Nuno Fonseca
Batting: RHB Steve Boyer 0-0: Ball
1-0: Fly out, F8 (Flyball, 8RM)
Batting: SHB Luis López 0-0: Swinging Strike
0-1: Ball
1-1: Ball
2-1: Ball
3-1: Base on Balls
Batting: RHB Edgardo Gonzáles 0-0: Ball
1-0: Ball
2-0: Called Strike
2-1: Ball
3-1: Foul Ball, location: 2F
3-2: Base on Balls
Luis López to second
Batting: SHB Arnold Moore 0-0: Called Strike
0-1: Fly out, F8 (Flyball, 8LS)
Pinch Hitting: LHB Manny Vigil 0-0: Ball
1-0: Ball
2-0: SINGLE (Flyball, 7LS)
Luis López to third
Edgardo Gonzáles to second
Runner from 3rd tries for Home, SAFE, no throw
Batting: RHB Pablo Pineda 0-0: Ground out 5-3 (Groundball, 56S)
Bottom of the 9th over - 1 run(s), 1 hit(s), 0 error(s), 2 left on base; State College 7 - Scottsdale 6
Tuesday, August 8th, 2017 - OOTP Baseball 17.12 Build 75